 Dungeon Crawl Stone Soup version 0.20-a0-464-g526fb3c (webtiles) character file.

39 ponk the Grave Robber (level 3, -4/24 HPs)
             Began as a Mummy Necromancer on Jan 11, 2017.
             Slain by Sigmund
             ... wielding a +0 scythe
              (8 damage)
             ... on level 2 of the Dungeon.
             The game lasted 00:08:30 (1208 turns).

ponk the Grave Robber (Mummy Necromancer)           Turns: 1208, Time: 00:08:32

Health: -4/24      AC:  6    Str: 11    XL:     3   Next: 26%
Magic:  5/8        EV: 12    Int: 15    God:
Gold:   20         SH:  0    Dex: 12    Spells: 4/9 levels left

rFire  x . .     SeeInvis .     c - +3 mace
rCold  + . .     Gourm    .     a - +0 robe
rNeg   + + +     Faith    .     (no shield)
rPois  ∞         Spirit   .     (no helmet)
rElec  .         Reflect  .     d - +0 cloak
rCorr  .         Harm     .     (no gloves)
MR     .....                    (no boots)
Stlth  ++........               (no amulet)
                                (no ring)
                                f - +3 ring of protection

@: no status effects
A: no food or potions, fire vulnerability, cold resistance 1, negative energy
resistance 3, torment resistance, unbreathing
a: no special abilities


You were on level 2 of the Dungeon.
You were not hungry.

You visited 1 branch of the dungeon, and saw 3 of its levels.

You collected 20 gold pieces.

Inventory:

Hand Weapons
 c - a +3 mace (weapon)
Armour
 a - a +0 robe (worn)
 d - a +0 cloak (worn)
Jewellery
 f - a +3 ring of protection (left hand)
Scrolls
 e - a scroll of identify
 g - a scroll of teleportation
Books
 b - a book of Necromancy

   Spells                             Type                      Level
   a - Pain                           Necromancy                   1
   b - Animate Skeleton               Necromancy                   1
   c - Vampiric Draining              Necromancy                   3
   d - Regeneration                   Charms/Necromancy            3
   e - Animate Dead                   Necromancy                   4
   f - Control Undead                 Necromancy                   4
 h - a book of Cantrips

   Spells                             Type                      Level
   a - Confusing Touch                Hexes                        1
   b - Animate Skeleton               Necromancy                   1
   c - Summon Small Mammal            Summoning                    1
   d - Apportation                    Translocation                1


   Skills:
 - Level 1.5 Dodging
 - Level 1.5 Stealth
 * Level 3.9 Spellcasting
 + Level 4.5 Necromancy


You had 4 spell levels left.
You knew the following spells:

 Your Spells              Type           Power        Failure   Level  Hunger
a - Pain                  Necr           ###.         2%          1    N/A
b - Animate Skeleton      Necr           N/A          2%          1    N/A
c - Vampiric Draining     Necr           ###.......   10%         3    N/A

Dungeon Overview and Level Annotations

Branches:
Dungeon (3/15)

Altars:
Nemelex Xobeh

Annotations:
D:2 Sigmund


Innate Abilities, Weirdness & Mutations

You do not eat or drink.
Your flesh is vulnerable to fire.
You are immune to poison.
Your flesh is cold resistant. (rC+)
You are immune to negative energy. (rN+++)
You are immune to unholy pain and torment.
You can survive without breathing.


Message History

Your rat skeleton appears confused.
Something hits you but does no damage.
You feel less confused. What are your orders? t - Shout!
Orders for allies: a - Attack new target. r - Retreat! s - Stop attacking. g - Guard the area. f - Follow me.
Anything else - Cancel.
Gang up on whom?
Press: ? - help, Dir - move target cursor There's nothing there!
Something hits your rat skeleton.
You see here a chunk of flesh.
You start resting.
Something hits you.
* * * LOW HITPOINT WARNING * * *
You start resting.
Something hits you!
You die...

##........[.....##...##.##...##.
.%...........#..........###.##.)
....................####)...%...
.≈...........###..### #....####
%.........# #.## #...##
..........# #.# #...#
........†.# #%# #...#
........>.###.# #...#
#.........Z@.# #...#
#......####### #...# ###.##....#
##### #. .....# # ##....# ##..$#
...# ...# ...#


You could see a friendly rat skeleton.

Vanquished Creatures
  2 dart slugs (D:2)
  4 bats
  2 giant cockroaches (D:1)
  5 goblins (D:1)
  4 hobgoblins
  3 jackals
  3 kobolds
  A ball python (D:1)
  3 frilled lizards
  2 rats (D:2)
29 creatures vanquished.

Vanquished Creatures (collateral kills)
  A giant cockroach (D:2)
  A goblin (D:1)
  A bat (D:2)
  2 kobolds (D:1)
  A rat (D:1)
6 creatures vanquished.

Grand Total: 35 creatures vanquished

Notes
Turn   | Place    | Note
-------+----------+-------------------------------------------
     0 | D:1      | ponk the Mummy Necromancer began the quest for the Orb.
     0 | D:1      | Reached XP level 1. HP: 13/13 MP: 4/4
    19 | D:1      | Learned a level 1 spell: Animate Skeleton
   134 | D:1      | Reached XP level 2. HP: 18/19 MP: 0/5
   859 | D:2      | Reached XP level 3. HP: 18/24 MP: 0/8
   938 | D:2      | Found a sparkling altar of Nemelex Xobeh.
  1146 | D:2      | Noticed Sigmund
  1167 | D:2      | Learned a level 3 spell: Vampiric Draining
  1208 | D:2      | Slain by Sigmund

Vault maps used:
D:1:      dpeg_arrival_morbid_curiosity
D:2:      lemuel_round_altar, kennysheep_okawaru_gauntlet,
          gammafunk_temple_overflow_claw, dk_vineyard_3, uniq_sigmund
D:3:      first_bread, chequers_ecumenical_altar_simple

Skill      XL: |  1  2 |
---------------+-------+-----
Spellcasting   | 3 |  3.9
Dodging        | |  1.5
Stealth        | |  1.5
Necromancy     | |  4.5

Action                   || total
-------------------------++-------
Melee: Mace              ||    17
       Unarmed           ||     1
 Cast: Pain              ||    39
       Animate Skeleton  ||     7
       Vampiric Draining ||     2
  Use: Scroll            ||     3
Armor: Robe              ||    15
Dodge: Dodged            ||    31
